 Dungeon Crawl Stone Soup version 0.29-a0-284-gf9362112df (webtiles) character file.

Game seed: 8003619093222475519

2 flyleaff the Insei (level 1, 0/13 HPs)
             Began as an Octopode Transmuter on Mar 31, 2022.
             Slain by a jackal (2 damage)
             ... on level 1 of the Dungeon.
             The game lasted 00:00:17 (17 turns).

flyleaff the Insei (Octopode Transmuter)              Turns: 17, Time: 00:00:17

Health: 0/13       AC:  1    Str:  9    XL:     1   Next: 40%
Magic:  2/3        EV: 13    Int: 15    God:
Gold:   0          SH:  0    Dex: 12    Spells: 3/4 levels left

rFire   . . .      SeeInvis .     - Unarmed
rCold   . . .      Faith    .   (no shield)
rNeg    . . .      Spirit   .   (helmet currently unavailable)
rPois   .          Reflect  .   (no amulet)
rElec   .          Harm     .   (no ring)
rCorr   .          Rampage  .   (no ring)
Will    .....                   (no ring)
Stlth   ++........              (no ring)
HPRegen 0.04/turn               (no ring)
MPRegen 0.08/turn               (no ring)
                                (no ring)
                                (no ring)

@: appendages (expiring)
A: tentacle spike 3, almost no armour, amphibious, 8 rings, camouflage 1,
gelatinous body 1, (nimble swimmer 1), tentacles
a: End Transformation


You were on level 1 of the Dungeon.
One of your tentacles had grown a beastly spike.
You visited 1 branch of the dungeon, and saw 1 of its levels.

Inventory:

Potions
 a - a potion of lignification


   Skills:
 - Level 1.0 Fighting
 - Level 2.0 Dodging
 - Level 3.0 Unarmed Combat
 + Level 2.1 Spellcasting
 + Level 2.1 Transmutations


You had 3 spell levels left.
You knew the following spells:

 Your Spells              Type           Power      Damage    Failure   Level
a - Beastly Appendage     Tmut           14%        N/A       10%         1

Your spell library contained the following spells:

 Spells                   Type           Power      Damage    Failure   Level
 Wereblood                Tmut           7%         N/A       14%         2
 Spider Form              Tmut/Pois      4%         N/A       38%         3
 Ice Form                 Ice/Tmut       4%         N/A       80%         4


Dungeon Overview and Level Annotations

Branches:
Dungeon (1/15)

Altars:


Innate Abilities, Weirdness & Mutations

One of your tentacles has grown a beastly spike.
You cannot wear most types of armour.
You are amphibious.
You can wear up to eight rings at the same time.
Your skin changes colour to match your surroundings (Stealth+).
Your rubbery body absorbs attacks. (AC +1, EV +1)
((You are camouflaged when in or above water. (Stealth+)))
You have tentacles for arms and can constrict up to eight enemies at once.


Message History

A jackal comes into view.
Found a scroll labelled QUFOSACWOO.
Casting: Beastly Appendage (safe; 10% risk of failure)
Confirm with . or Enter, or press ? or * to list all spells.
One of your tentacles grows a vicious spike.
A jackal comes into view.
The jackal barks! x2; You hear a bark! x2
The jackal bites you.
You tentacle-slap the jackal. You grab the jackal.
You pierce the jackal.
You kill the jackal!
A jackal comes into view.
A jackal and an endoplasm come into view.
Found 11 gold pieces.
Found a stone staircase leading down.
The jackal barks!
A goblin comes into view. It is wielding a +0 dagger.
You see here a jackal corpse.
The jackal bites you.
The jackal bites you but does no damage.
The jackal completely misses you. The jackal closely misses you.
You miss the jackal. Your grab misses the jackal.
You pierce the jackal.
The jackal is heavily wounded.
The jackal misses you. The jackal closely misses you. The jackal bites you.
You closely miss the jackal. You grab the jackal.
You pierce the jackal.
The jackal is almost dead.
You constrict the jackal.
You kill the jackal!
The jackal bites you. The jackal completely misses you.
You tentacle-slap the jackal. Your grab misses the jackal.
Your tentacle spike misses the jackal.
The jackal is almost dead.
The jackal bites you. The jackal barely misses you. The jackal bites you.
* * * LOW HITPOINT WARNING * * *
The jackal barely misses you.
You are too injured to fight recklessly!
Unknown command.
The endoplasm attacks as you move away! The endoplasm closely misses you.
Your transformation is almost over.
You see here a jackal corpse.
The jackal attacks as you move away! The jackal bites you.
You die...

#.. .. ...
#..##.##.#####.
#.>............
#..$......... .
............##.#
........g##....#
#.......h.....#
####.#####†J.###.##
##........♣@h....?..
##P....♣.P..♣...####
#...♣.♣..♣......###
...♣...P...♣......#
♣....P...P..♣♣......#
..............♣...#..
♣...P.....P.♣.......#
.♣....<......♣...#.#
♣.P.....P.....###.#


You could see an endoplasm, 2 jackals and a goblin.

Vanquished Creatures
  2 jackals (D:1)
2 creatures vanquished.

Notes
Turn   | Place    | Note
-------+----------+-------------------------------------------
     0 | D:1      | flyleaff the Octopode Transmuter began the quest for the
                  | Orb.
     0 | D:1      | Reached XP level 1. HP: 13/13 MP: 3/3
    17 | D:1      | Slain by a jackal

Illustrated notes

Levels and vault maps discovered:
D:1:      wander_arrival_fairy_ring, layout_basic,
          shapermc_ecumenical_altar_mp_vishouse, minmay_misc_feat_chi

Action                   || total
-------------------------++-------
Melee: Unarmed           ||     4
       Kick              ||     3
       Constrict         ||     2
 Cast: Beastly Appendage ||     1
Armor: Skin              ||     1
Dodge: Dodged            ||     8

Table legend: (Time is in decaauts)
 A = Elapsed time spent in this place.
 B = Non-inter-level travel time spent in this place.
 C = Inter-level travel time spent in this place.
 D = Time resting spent in this place.
 E = Time spent auto-exploring this place.
 F = Levels seen in this place.
 G = Mean time per level.
                   A        B        C        D        E       F      G
               +--------+--------+--------+--------+--------+-----+--------+
         Total |     16 |     16 |      0 |      0 |      5 |   1 |   16.0 |
       Dungeon |     16 |     16 |      0 |      0 |      5 |   1 |   16.0 |
               +--------+--------+--------+--------+--------+-----+--------+

Top non-repeatable levels by time:
     D:1: 16 daAuts
